 Dungeon Crawl Stone Soup version 0.30.1-11-g7821555f0a (webtiles) character file.

Game seed: 1783967432831461918

6692 Sciron the Ruffian (level 10, -2/94 HPs)
             Began as a Troll Fighter on Jan 6, 2024.
             Was an Elder of Cheibriados.
             Slain by a yak (12 damage)
             ... on level 1 of the Lair of Beasts.
             The game lasted 00:30:55 (7320 turns).

Sciron the Ruffian (Troll Fighter)                  Turns: 7320, Time: 00:30:55

Health: -2/94      AC:  7    Str: 36    XL:     10   Next: 74%
Magic:  11/11      EV: 17    Int: 24    God:    Cheibriados [****..]
Gold:   347        SH:  0    Dex: 19    Spells: 11/12 levels left

rFire   . . .        p - +0 giant club (heavy)
rCold   . . .        (shield currently unavailable)
rNeg    + . .        q - +3 robe of the Old World {rElec rPois rN+}
rPois   +            (helmet restricted)
rElec   +            (no cloak)
rCorr   .            (gloves unavailable)
SInv    .            (boots unavailable)
Will    .....        r - amulet of faith
Stlth   ++           g - +5 ring of evasion
HPRegen 1.15/turn    b - +6 ring of intelligence
MPRegen 0.12/turn

%: faith
@: studying Armour, very slow
A: large, unfitting armour, claws 3, regeneration 1, shaggy fur 1, tough skin 1
a: Renounce Religion, Bend Time, Temporal Distortion, Slouch


You were on level 1 of the Lair of Beasts.
You worshipped Cheibriados.
Cheibriados was greatly pleased with you.
You visited 3 branches of the dungeon, and saw 11 of its levels.

You collected 529 gold pieces.
You spent 182 gold pieces at shops.

Inventory:

Hand Weapons
 l - the +5 arbalest of Fate {elec, rCorr Int+2 Dex+3}
   (You found it on level 6 of the Dungeon)

   Int:       It affects your intelligence (+2).
   Dex:       It affects your dexterity (+3).
   rCorr:     It protects you from acid and corrosion.
 p - a +0 heavy giant club (weapon)
Missiles
 t - 5 boomerangs (quivered)
 v - 2 silver javelins
 A - 5 curare-tipped darts
Armour
 q - the +3 robe of the Old World (worn) {rElec rPois rN+}
   (You acquired it on level 3 of the Dungeon)

   rElec:     It insulates you from electricity.
   rPois:     It protects you from poison.
   rN:        It protects you from negative energy.
 G - the +2 robe of Jocular Life {rF+ Stlth+}
   (You bought it in a shop on level 8 of the Dungeon)

   rF:        It protects you from fire.
   Stlth:     It makes you more stealthy.
Jewellery
 b - a +6 ring of intelligence (right claw)
 g - a +5 ring of evasion (left claw)
 h - an amulet of reflection
 m - a ring of flight
 r - an amulet of faith (around neck)
Wands
 o - a wand of acid (9)
 y - a wand of roots (10)
Scrolls
 j - 2 scrolls of amnesia
 s - 7 scrolls of teleportation
 z - 3 scrolls of noise
 C - a scroll of magic mapping
 E - 2 scrolls of poison
 H - a scroll of immolation
 I - a scroll of torment
Potions
 a - a potion of cancellation
 c - a potion of degeneration {unknown}
 d - 4 potions of curing
 e - 2 potions of flight
 f - 3 potions of resistance
 i - 3 potions of haste
 k - a potion of ambrosia
 n - 2 potions of berserk rage
 u - 2 potions of invisibility
 B - a potion of lignification {unknown}
 D - a potion of attraction {unknown}
 F - a potion of mutation {unknown}


   Skills:
 * Level 4.7 Fighting
 * Level 4.9 Maces & Flails
 * Level 2.3 Ranged Weapons
 * Level 2.6 Throwing
 * Level 4.4 Armour
 * Level 5.1 Dodging
 * Level 2.6 Stealth
 * Level 6.2 Shields
 * Level 7.2 Unarmed Combat
 * Level 1.5 Spellcasting
 * Level 1.0 Conjurations
 * Level 0.8 Air Magic
 * Level 2.5 Invocations
 * Level 1.9 Evocations


You had 11 spell levels left.
You knew the following spells:

 Your Spells              Type           Power      Damage    Failure   Level
a - Shock                 Conj/Air       24%        1d4       9%          1

Your spell library contained the following spells:

 Spells                   Type           Power      Damage    Failure   Level
 Sublimation of Blood     Necr           1%         N/A       19%         2
 Swiftness                Air            5%         N/A       26%         3
 Gell's Gravitas          Tloc           1%         N/A       36%         3
 Teleport Other           Tloc           1%         N/A       36%         3
 Airstrike                Air            2%         2d(1-17)  65%         4
 Petrify                  Tmut/Erth      1%         N/A       77%         4
 Irradiate                Conj/Tmut      2%         3d12      95%         5
 Dispersal                Tloc           0%         N/A       100%        6


Dungeon Overview and Level Annotations

Branches:
Dungeon (9/15)             Temple (1/1) D:4            Lair (1/5) D:9
    Orc: D:9-12

Altars:
Ashenzari
Cheibriados
Dithmenos
Elyvilon
Fedhas
Hepliaklqana
Makhleb
Nemelex Xobeh
Okawaru
Qazlal
Ru
Trog
Uskayaw
Vehumet
Wu Jian
Xom
Yredelemnul
Zin
Lugonu

Shops:
D:8 [

Portals:
Abyss: D:7


Innate Abilities, Weirdness & Mutations

You are too large for most types of armour.
You have claws for hands.
Your natural rate of healing is unusually fast.
You are covered in fur. (AC +1)
You have tough skin. (AC +1)


Message History

Unknown command.
Blink to where?
Press: ? - help, Dir - move target
As you read the scroll of blinking, it crumbles to dust.
Throw: 5 boomerangs
Press: ? - help, Q - select action, (/) - cycle Shift-Dir - straight line, f - wyvern
Aim: a wyvern (64% to hit)
You throw a boomerang.
The boomerang hits the wyvern but does no damage.
Unknown command.
Throw: 5 boomerangs
Press: ? - help, Q - select action, (/) - cycle Shift-Dir - straight line, f - yak
Aim: a yak (74% to hit)
You throw a boomerang. The boomerang hits the yak!
The yak is moderately wounded.
Unknown command.
Throw: 5 boomerangs
Press: ? - help, Q - select action, (/) - cycle Shift-Dir - straight line, f/p - yak
Aim: a yak (moderately wounded, 74% to hit)
You throw a boomerang. The boomerang hits the yak.
The yak is heavily wounded.
Unknown command.
Throw: 5 boomerangs
Press: ? - help, Q - select action, (/) - cycle Shift-Dir - straight line, f/p - yak
Aim: a yak (heavily wounded, 74% to hit)
You throw a boomerang.
The boomerang hits the yak but does no damage.
The yak is heavily wounded.
Throw: 5 boomerangs
Press: ? - help, Q - select action, (/) - cycle Shift-Dir - straight line, f/p - yak
Aim: a yak (heavily wounded, 74% to hit)
You throw a boomerang.
The boomerang completely misses the yak.
The boomerang closely misses the wyvern.
You sock the yak!
The yak is severely wounded.
The yak gores you!
* * * LOW HITPOINT WARNING * * *
The yak gores you!
You die...

.## ...# ....##....#
#....#...+ # ###
#...#... .. ##.## #.....
...###...###...#######
......†......lY@.+.#.###
....8..>..8.....8.......
........................
...##....###...##.......
...####.###....#........
#...# #####...##........
#...#####...#..........
##.....8....##..........
#.##(......##....#..####


You could see a yak and a wyvern.

Vanquished Creatures
  A boulder beetle (D:8)
  2 unseen horrors
  2 komodo dragons
  A troll (D:6)
  The ghost of laqueoix the Chopper, an amateur HOFi of Qazlal (D:3)
  A wyvern (D:9)
  5 yaks (Lair:1)
  2 steam dragons
  The ghost of thestarryknight the Cudgeller, an amateur HuCK of Xom (D:4)
  3 water moccasins
  An orc warrior (D:7)
  2 black bears
  An ice beast (D:7)
  An ogre (D:4)
  2 centaurs
  3 phantoms
  10 bullfrogs
  3 kobold brigands (D:7)
  A gnoll sergeant (D:7)
  A scorpion (D:4)
  3 howler monkeys
  2 jellies
  6 orc priests
  4 hounds
  8 iguanas
  3 sleepcaps
  6 orc wizards
  Robin (D:4)
  9 adders
  15 gnolls
  2 white imps
  2 ufetubi
  2 worms
  A dart slug (D:3)
  21 orcs
  5 ball pythons
  4 endoplasms
  4 giant cockroaches
  21 goblins
  4 hobgoblins
  13 kobolds
  3 quokkas
  5 bats
  6 rats
  A spectral kobold (D:2)
195 creatures vanquished.

Notes
Turn   | Place    | Note
-------+----------+-------------------------------------------
     0 | D:1      | Sciron the Troll Fighter began the quest for the Orb.
     0 | D:1      | Reached XP level 1. HP: 22/22 MP: 0/0
   190 | D:1      | Reached XP level 2. HP: 29/29 MP: 1/1
   305 | D:2      | Reached XP level 3. HP: 30/36 MP: 2/2
   373 | D:3      | Reached XP level 4. HP: 44/44 MP: 3/3
   536 | D:3      | Reached skill level 1 in Armour
   536 | D:3      | Reached skill level 3 in Unarmed Combat
   536 | D:3      | Reached XP level 5. HP: 39/52 MP: 4/4
   586 | D:5      | Entered Level 5 of the Dungeon
   993 | D:5      | Reached XP level 6. HP: 57/61 MP: 5/5
  1204 | D:6      | Reached skill level 4 in Unarmed Combat
  1251 | D:6      | Reached skill level 1 in Stealth
  1612 | D:6      | Reached XP level 7. HP: 61/67 MP: 6/6
  1675 | D:6      | Reached skill level 5 in Unarmed Combat
  1792 | D:6      | Reached XP level 8. HP: 73/75 MP: 7/7
  1842 | D:6      | Noticed a troll
  1850 | D:6      | Killed a troll
  1851 | D:6      | Reached skill level 5 in Shields
  1876 | D:6      | Killed an unseen horror
  1877 | D:6      | Reached skill level 6 in Unarmed Combat
  1895 | D:6      | Identified the +5 arbalest of Fate {elec, rCorr Int+2
                  | Dex+3}
  2105 | D:4      | Noticed Robin
  2136 | D:4      | Killed Robin
  2188 | D:4      | Found a staircase to the Ecumenical Temple.
  2202 | Temple   | Entered the Ecumenical Temple
  2216 | Temple   | Became a worshipper of Cheibriados the Contemplative
  2246 | D:4      | Found a runed translucent gate.
  2247 | D:4      | Found a runed translucent gate.
  2248 | D:4      | Found a runed translucent gate.
  2248 | D:4      | Noticed thestarryknight's ghost (amateur HuCK)
  2293 | D:4      | Killed thestarryknight's ghost
  2690 | D:4      | Reached skill level 1 in Ranged Weapons
  2690 | D:4      | Reached XP level 9. HP: 35/84 MP: 8/8
  2692 | D:4      | Found an iron altar of Okawaru.
  3067 | D:3      | Identified a scroll of acquirement
  3068 | D:3      | Acquired the +3 robe of the Old World {rElec rPois rN+}
  3202 | D:3      | Found a runed translucent door.
  3208 | D:3      | Noticed laqueoix's ghost (amateur HOFi)
  3223 | D:3      | Killed laqueoix's ghost
  3223 | D:3      | Reached * piety under Cheibriados
  3296 | D:3      | Found a sparkling altar of Nemelex Xobeh.
  3555 | D:2      | Found a faded altar of an unknown god.
  3659 | D:2      | Acquired a +6 ring of intelligence
  3668 | D:2      | Reached skill level 1 in Maces & Flails
  4227 | D:1      | Reached ** piety under Cheibriados
  4758 | D:7      | Found a radiant altar of Vehumet.
  4838 | D:7      | Reached skill level 1 in Evocations
  4895 | D:7      | Reached skill level 1 in Invocations
  4905 | D:7      | Identified the +4 whip "Killer Bee's Death" {venom, rPois
                  | rF- Str+8 Int-3}
  4920 | D:7      | Learned a level 1 spell: Shock
  4936 | D:7      | Reached skill level 1 in Throwing
  4937 | D:7      | Reached *** piety under Cheibriados
  4949 | D:7      | Found a one-way gate to the infinite horrors of the Abyss.
  5029 | D:7      | Identified the +3 leather armour "Umofasyw" {rF- rC- Str+4
                  | Slay+4}
  5267 | D:7      | Found a large runed translucent door.
  5267 | D:7      | Found a large runed translucent door.
  5275 | D:7      | Found a corrupted altar of Lugonu.
  5389 | D:7      | Reached skill level 1 in Spellcasting
  5611 | D:8      | Noticed a boulder beetle
  5624 | D:8      | Killed a boulder beetle
  5624 | D:8      | Reached **** piety under Cheibriados
  5625 | D:8      | Reached XP level 10. HP: 47/94 MP: 10/10
  5825 | D:8      | Found Iroururph's Antique Armour Shoppe.
  5834 | D:8      | Bought a dull robe for 182 gold pieces
  5834 | D:8      | Identified the +2 robe of Jocular Life {rF+ Stlth+} (You
                  | bought it in a shop on level 8 of the Dungeon)
  6035 | D:8      | Found a bloodstained altar of Trog.
  6185 | D:8      | Found an ornate altar of the Wu Jian Council.
  6308 | D:9      | Reached skill level 7 in Unarmed Combat
  6503 | D:9      | Found a white marble altar of Elyvilon.
  6687 | D:9      | Found a staircase to the Lair.
  6693 | D:9      | Reached skill level 5 in Dodging
  6982 | D:9      | Found a shimmering altar of Xom.
  6983 | D:9      | Found a broken altar of Ashenzari.
  7121 | Lair:1   | Entered Level 1 of the Lair of Beasts
  7273 | Lair:1   | Reached skill level 1 in Conjurations
  7320 | Lair:1   | Slain by a yak

Illustrated notes

Levels and vault maps discovered:
D:1:      dpeg_arrival_stone_temple_mockup, layout_basic
D:2:      layout_loops_ring, dreamdust_ecumenical_altar_drowned_temple,
          minmay_tromino_v4_a
D:3:      layout_basic, nicolae_overflow_crystal_walls,
          ebering_ghost_reflecting_pool, st_stairs_5
D:4:      layout_basic, okawaru_gym_becter, minmay_temple_entry_slanted,
          ebering_ghost_rock_garden, uniq_robin
D:5:      layout_cave_pools
D:6:      kennysheep_windowed_halls, layout_rooms
D:7:      due_chaos_kobolds, layout_rooms, lemuel_doored_altar,
          nicolae_wand_duel, hangedman_decor_riveting, st_stairs_12,
          grunt_decor_one_mirror
D:8:      layout_loops_ring, trog_book, nicolae_wu_jian_glorious_leap,
          serial_shops, shop
D:9:      layout_loops_ring, elyvilon_altar_4, gammafunk_temple_overflow_statue,
          david_lair_shrubbed
Temple:   eino_temple_lava
Lair:1:   layout_regular_city, ebering_ghost_reflecting_pool,
          grunt_megastairs_5, infiniplex_staircase_pool

Skill      XL: |  1  2  3  4  5  6  7  8  9 10 |
---------------+-------------------------------+-----
Shields        | 3 4 5 6 |  6.2
Armour         | 1 2 3 4 |  4.4
Dodging        | 3 4 5 |  5.1
Unarmed Combat | 3 4 5 6 7 |  7.2
Fighting       | 3 4 |  4.7
Stealth        | 1 2 |  2.6
Ranged Weapons | 1 2 |  2.3
Maces & Flails | 3 4 |  4.9
Evocations     | 1 |  1.9
Invocations    | 1 2 |  2.5
Throwing       | 1 2 |  2.6
Spellcasting   | 1 |  1.5
Conjurations   | 1 |  1.0
Air Magic      | |  0.8

Action                     |  1- 3 |  4- 6 |  7- 9 | 10-12 || total
---------------------------+-------+-------+-------+-------++-------
  Melee: Unarmed           |    60 |   123 |   100 |       ||   283
         Giant club        |       |       |   149 |    53 ||   202
         Punch             |       |       |     1 |       ||     1
   Fire: Arbalest          |       |       |    71 |       ||    71
  Throw: Boomerang         |       |       |    67 |    35 ||   102
   Cast: Shock             |       |       |     8 |     1 ||     9
  Evoke: Wand              |       |       |     8 |     1 ||     9
    Use: Scroll            |     1 |     2 |    16 |     4 ||    23
         Potion            |       |     1 |     3 |     1 ||     5
   Stab: Sleeping          |       |       |     1 |     1 ||     2
 Armour: Robe              |     8 |    18 |    84 |    29 ||   139
  Dodge: Dodged            |    22 |    55 |   252 |    96 ||   425
  Block: Kite shield       |    21 |    79 |    56 |       ||   156
         Reflection        |       |       |     2 |       ||     2
         Other             |       |       |     8 |       ||     8
